cohdb
Replays
Latest Replays
All Replays
Popular Replays
Top Player Replays
Match Explorer
How It Works
Community
CoH3 Stats
Reddit
Sign in to upload your games and track your stats! →
Sign in with Steam
Match 43260619
Unlisted
Match 43260619
Overview
Messages
Build Orders
End
Vickers Machine Gun Team
Selects Heavy Armor Battlegroup
Construct Section Command Post
Vickers Machine Gun Team
Infantry Section
Grenade Package
Infantry Section
Construct Platoon Command Post
Selects Rigorous Vehicle Training
Selects Forward Repair Assembly
Selects UNKNOWN (2162094)
Construct Company Command Post
Infantry Section
Churchill IV Heavy Tank
Selects Light Vehicle Withdraw and Refit
Selects Radio Net
Churchill IV Heavy Tank
Selects Recon Artillery
Cpt.Bod
simranjitsingh713
士多啤梨
职业选手吕郑豪
0
0
Comments
sign in to comment!
No comments posted yet!